 Dungeon Crawl Stone Soup version 0.31-a0-196-g86fe4a5e66 (webtiles) character file.

Game seed: 15977706283242728875

12 qw the Shooter (level 2, -1/16 HPs)
             Began as a Deep Elf Hunter on June 24, 2023.
             Succumbed to their own poison gas
             ... on level 1 of the Dungeon.
             The game lasted 00:00:11 (864 turns).

qw the Shooter (Deep Elf Hunter)                     Turns: 864, Time: 00:00:12

Health: -1/16      AC:  5    Str:  8    XL:     2   Next: 20%
Magic:  4/4        EV: 10    Int: 13    God:
Gold:   80         SH:  0    Dex: 18    Spells: 1/1 levels left

rFire   + . .        Y - +0 shortbow (elec)
rCold   . . .        (shield currently unavailable)
rNeg    . . .        g - +0 ring mail
rPois   .            (helmet restricted)
rElec   .            (no cloak)
rCorr   .            (no gloves)
SInv    +            (no boots)
Will    .....        (no amulet)
Stlth   +            (no ring)
HPRegen 0.22/turn    (no ring)
MPRegen 0.09/turn

%: no passive effects
@: lethally poisoned (-1 -> -9)
A: antennae 1, see invisible, fire resistance 1
a: no special abilities


You were on level 1 of the Dungeon.
You visited 1 branch of the dungeon, and saw 1 of its levels.

You collected 80 gold pieces.


Innate Abilities, Weirdness & Mutations

You have a pair of small antennae on your head.
You have supernaturally acute eyesight. (SInv)
Your flesh is heat resistant. (rF+)


   Skills:
 - Level 1.5 Fighting
 + Level 6.1 Ranged Weapons
 - Level 2.4 Dodging
 - Level 1.2 Stealth


You had one spell level left.
You didn't know any spells.
Your spell library was empty.

Inventory:

Hand Weapons
 Y - a +0 shortbow of electrocution (weapon)
Armour
 g - a +0 ring mail (worn)
Potions
 d - a potion of magic {unknown}
 h - a potion of mutation
 k - a potion of cancellation {unknown}

Dungeon Overview and Level Annotations

Branches:
Dungeon (1/15)

Altars:

Shops:
D:1 [


Message History

Done exploring.
859 ||| DRINKING 2 murky grey potions.
It was a potion of mutation.
You feel extremely strange. A pair of antennae grows on your head!
Your +0 helmet falls away!
You feel resistant to heat.
Your vision sharpens.
860 ||| DROPPING +0 helmet.
You drop a +0 helmet.
Done exploring.
861 ||| DROPPING scroll of butterflies.
You drop a scroll of butterflies.
Done exploring.
(D) Dungeon
Where to? (* - list waypoints, ? - help)
What level of the Dungeon? (default 1, ? - help) Sorry, I don't know how to get there.
Enter note:
Enter note:
Enter note:
Enter note:
Enter note:
Enter note:
Enter note:
Enter note:
Enter note:
Enter note:
Enter note:
Enter note:
Enter note:
Enter note:
Enter note: Really walk into that cloud of poison gas?
You are engulfed in poison gas.
You are poisoned.
Ouch! That really hurt!
You feel very sick.
863 ||| Stepping ~*~*~tactically~*~*~ (cloud).
You feel very sick.
Things that are here:
a scroll of butterflies; a +0 helmet
There is a lethal amount of poison in your body!
You die...

'#.#.....#..######.# ##....
...#.............#.##### #####
............####¤#.#####
..##.##....#####¤#.#####
..##.##.#..#####¤#.##### ########
.###.##....#####¤#.##### #....[..
..##.#####.#####0#.##### #.######
#.#......#.#####¤#.##### #...##..
#.######.#...###@#.##### ###.##.<
..#### #.#.#.###¤#.##### #.##..
.....###.#.#...#¤#.#########.####
.#.......#.....¤¤#...........#
%##8.#########.¤0################
...>...#########¤##########......
.8.\.8.#.......0¤0...#........###
.......#.######0####.#...........
...8.........##.# #.#...........


There were no monsters in sight!

Vanquished Creatures
  3 ball pythons (D:1)
  An endoplasm (D:1)
  2 giant cockroaches (D:1)
  A goblin (D:1)
  A hobgoblin (D:1)
  A kobold (D:1)
  A rat (D:1)
10 creatures vanquished.

Notes
Turn   | Place    | Note
-------+----------+-------------------------------------------
     0 | D:1      | qw the Deep Elf Hunter began the quest for the Orb.
     0 | D:1      | Reached XP level 1. HP: 12/12 MP: 3/3
     0 | D:1      | 0 ||| qw: Version: 0.3-a-9-g12657ce
     0 | D:1      | 0 ||| qw: Game counter: 4831
     0 | D:1      | 0 ||| qw: Always use a shield: true
     0 | D:1      | 0 ||| qw: God list: Okawaru
     0 | D:1      | 0 ||| qw: Allow faded altars: false
     0 | D:1      | 0 ||| qw: Do Orc after D:15 true
     0 | D:1      | 0 ||| qw: Do second Lair branch before Depths: true
     0 | D:1      | 0 ||| qw: Lair rune preference: random
     0 | D:1      | 0 ||| qw: Plans: Normal
     0 | D:1      | 0 ||| PLANNING D:1-11
   146 | D:1      | Reached XP level 2. HP: 16/16 MP: 4/4
   200 | D:1      | Reached skill level 6 in Ranged Weapons
   251 | D:1      | Found Wusuurun's Antique Armour Shop.
   264 | D:1      | 264 ||| SHOPLISTING pair of boots (103 gold, have 66).
   264 | D:1      | 264 ||| SHOPLISTING runed robe (85 gold, have 66).
   264 | D:1      | 264 ||| SHOPLISTING shiny scale mail (161 gold, have 66).
   833 | D:1      | 833 ||| UPGRADING to +0 ring mail.
   843 | D:1      | 843 ||| DROPPING +0 leather armour.
   844 | D:1      | 844 ||| UPGRADING to +0 helmet.
   849 | D:1      | 849 ||| READING scroll labelled USAANISOMU.
   854 | D:1      | 854 ||| READING scroll labelled XEURHIBB WOLL.
   855 | D:1      | 855 ||| READING scroll labelled JOSUESO WAISM.
   856 | D:1      | 856 ||| READING scroll labelled FUTECKIMOFO.
   857 | D:1      | 857 ||| READING scroll labelled SECAOPNEUS.
   858 | D:1      | 858 ||| READING scroll labelled PIOCVU XIGO.
   859 | D:1      | 859 ||| DRINKING 2 murky grey potions.
   859 | D:1      | Gained mutation: You have a pair of small antennae on your
                  | head. [potion of mutation]
   859 | D:1      | Gained mutation: Your flesh is heat resistant. (rF+)
                  | [potion of mutation]
   859 | D:1      | Gained mutation: You have supernaturally acute eyesight.
                  | (SInv) [potion of mutation]
   860 | D:1      | 860 ||| DROPPING +0 helmet.
   861 | D:1      | 861 ||| DROPPING scroll of butterflies.
   862 | D:1      | HP: 4/16 [poisoned by you (poison gas)]
   863 | D:1      | 863 ||| Stepping ~*~*~tactically~*~*~ (cloud).
   863 | D:1      | HP: 1/16 [poisoned by you (poison gas)]
   864 | D:1      | Succumbed to their own poison gas

Levels and vault maps discovered:
D:1:      amcnicky_arrival_blooded_trapdoor, layout_basic, serial_shops,
          nicolae_shop_statue_plus, hangedman_decor_growths,
          minmay_misc_feat_nine_boxes

Skill      XL: |  1  2 |
---------------+-------+-----
Ranged Weapons | 6 |  6.1
Fighting       | |  1.5
Dodging        | |  2.4
Stealth        | |  1.2

Action                     || total
---------------------------++-------
   Fire: Shortbow          ||    24
    Use: Scroll            ||     6
         Potion            ||     1

Table legend:
 A = Non-vault XP
 B = Vault XP
 C = Vault XP percentage of total XP
 D = Non-vault monster count
 E = Vault monster count
 F = Vault count percentage of total count
                 A         B        C        D         E       F
            +---------+---------+-------+---------+---------+-------
      Total |      18 |       0 |   0.0 |      10 |       0 |   0.0
            +---------+---------+-------+---------+---------+-------
        D:1 |      18 |       0 |   0.0 |      10 |       0 |   0.0
            +---------+---------+-------+---------+---------+-------
